AoeStats
← PPB Symphony

Arabia

507750567Analyzed
1v1 RM · 13d ago on Sep 19, 2026· 55m 41s· 2 players
Game mode
Random Map
Map size
Tiny (2 player)
Population
200
Speed
Normal
Resources
Standard
Victory
Conquest
Starting age
Dark Age
Ending age
Imperial Age
RankedLock teamsTeams togetherTeam positionsShared explorationLock speedFull tech treeHidden civsTurbo modeCheats
Victory
Defeat
🇦🇷 Bohemians · Argentina
839
+17
🇹🇷 Bulgarians · Türkiye
869
-43
ecast1
3:28 Loom
10:26 Feudal Age
13:26 Double-Bit Axe
18:23 Castle Age
19:30 Pikeman
21:55 Fervor
24:33 Wheelbarrow
25:26 Horse Collar
25:59 Bow Saw
27:10 Heavy Plow
30:00 Chemistry
29:50 Redemption
38:41 Imperial Age
37:24 Fletching
37:35 Padded Archer Armor
43:44 Conscription
43:49 Town Watch
45:45 Halberdier
47:35 Leather Archer Armor
47:16 Bodkin Arrow
50:24 Town Patrol
50:28 Scale Mail Armor
50:41 Forging
54:54 Squires
PPB Symphony
4:00 Loom
14:21 Feudal Age
15:43 Horse Collar
16:44 Gold Mining
17:35 Double-Bit Axe
20:23 Bloodlines
25:14 Castle Age
24:12 Stone Mining
24:35 Fletching
24:55 Forging
26:16 Heavy Plow
26:27 Thumb Ring
27:04 Stone Shaft Mining
28:14 Bow Saw
29:44 Light Cavalry
29:54 Elite Skirmisher
32:36 Husbandry
32:51 Murder Holes
33:57 Squires
39:05 Stirrups
49:13 Imperial Age
51:27 Cavalier
Connection lost

Rejoining the realm…

Still unreachable

The connection could not be restored.

Session expired

The server has moved on; the page needs a fresh start.